 Dungeon Crawl Stone Soup version 0.29.1-1-gd02db6906a (webtiles) character file.

Game seed: 249558015267624284

9 MisterFreud the Twirler (level 2, 0/22 HPs)
             Began as a Formicid Gladiator on Oct 10, 2022.
             Slain by a gnoll
             ... wielding a +2 whip of flaming
              (3 damage)
             ... on level 1 of the Dungeon.
             The game lasted 00:00:20 (295 turns).

MisterFreud the Twirler (Formicid Gladiator)         Turns: 295, Time: 00:00:21

Health: 0/22       AC:  3    Str: 18    XL:     2   Next: 25%
Magic:  2/2        EV: 12    Int:  7    God:
Gold:   0          SH:  0    Dex: 15    Spells: 1/1 levels left

rFire   . . .      SeeInvis +   a - +0 quarterstaff
rCold   . . .      Faith    .   (no shield)
rNeg    . . .      Spirit   .   b - +0 leather armour
rPois   .          Reflect  .   (helmet unavailable)
rElec   .          Harm     .   (no cloak)
rCorr   .          Rampage  .   (no gloves)
Will    .....                   (no boots)
Stlth   +.........              (no amulet)
HPRegen 0.07/turn               (no ring)
MPRegen 0.08/turn               (no ring)

@: no status effects
A: permanent stasis, dig shafts and tunnels, antennae 3, four strong arms
a: Dig, Shaft Self


You were on level 1 of the Dungeon.
You visited 1 branch of the dungeon, and saw 1 of its levels.

Inventory:

Hand Weapons
 a - a +0 quarterstaff (weapon)
Missiles
 c - 3 throwing nets (quivered)
 d - a javelin
Armour
 b - a +0 leather armour (worn)
Scrolls
 e - a scroll of vulnerability {unknown}
Potions
 f - a potion of lignification {unknown}


   Skills:
 - Level 2.1 Fighting
 + Level 3.6 Staves
 - Level 2.0 Throwing
 - Level 2.6 Dodging


You had one spell level left.
You didn't know any spells.
Your spell library was empty.

Dungeon Overview and Level Annotations

Branches:
Dungeon (1/15)

Altars:


Innate Abilities, Weirdness & Mutations

You cannot be hasted, slowed, berserked, paralysed or teleported.
You can dig through walls and to a lower floor.
You have a pair of large antennae on your head. (SInv)
Your four strong arms can wield two-handed weapons with a shield.


Message History

You kill the ball python!
A gnoll comes into view. It is wielding a +2 whip of flaming.
You have reached level 2!
The rat twitches its whiskers.
Found a leather armour.
The quokka barely misses you. The quokka closely misses you.
You hit the quokka.
You kill the quokka!
An endoplasm comes into view.
You hit the goblin.
You kill the goblin!
You thump the rat!
You kill the rat!
You hit the gnoll.
The gnoll is moderately wounded.
The gnoll hits you but does no damage.
You barely miss the gnoll.
The gnoll is moderately wounded.
The gnoll barely misses you.
You closely miss the gnoll.
The gnoll is moderately wounded.
The gnoll barely misses you.
You sock the gnoll!
The gnoll is severely wounded.
The gnoll hits you with a +2 whip of flaming.
The gnoll burns you.
The gnoll hits you with a +2 whip of flaming!
The gnoll burns you.
You are too injured to fight recklessly!
You barely miss the gnoll.
The gnoll is severely wounded.
The gnoll hits you with a +2 whip of flaming.
* * * LOW HITPOINT WARNING * * *
The gnoll burns you.
* * * LOW HITPOINT WARNING * * *
You are too injured to fight recklessly!
You hit the gnoll.
The gnoll is almost dead.
The gnoll hits you with a +2 whip of flaming.
You die...

#..# #####.)..... #..#
#####.#).... #..#
#...........
######..#####.###...##..
..............# #.......
###.#.#.####### #..#####
##..# #..# #.#.# #..#
#.##@# #..# ## #g# #..#
.J# ..). ##.## .. .. ..[


You could see a gnoll and an endoplasm.

Vanquished Creatures
  A ball python (D:1)
  A giant cockroach (D:1)
  2 goblins (D:1)
  A hobgoblin (D:1)
  A quokka (D:1)
  A kobold (D:1)
  A rat (D:1)
8 creatures vanquished.

Notes
Turn   | Place    | Note
-------+----------+-------------------------------------------
     0 | D:1      | MisterFreud the Formicid Gladiator began the quest for the
                  | Orb.
     0 | D:1      | Reached XP level 1. HP: 16/16 MP: 1/1
   283 | D:1      | Reached XP level 2. HP: 22/22 MP: 2/2
   295 | D:1      | Slain by a gnoll

Illustrated notes

Levels and vault maps discovered:
D:1:      ncdulo_smallfort, layout_loops_ring,
          hellmonk_ecumenical_altar_leap_of_faith, minmay_nonomino_d4

Action                   || total
-------------------------++-------
Melee: Quarterstaff      ||    25
Armor: Leather armour    ||     4
Dodge: Dodged            ||    10
